 Dungeon Crawl Stone Soup version 0.31-a0-889-g1a8549509d (webtiles) character file.

Game seed: 5484547753910907234

431 Error4North the Gusty (level 6, -5/50 HPs)
             Began as a Draconian Air Elementalist on Oct 16, 2023.
             Slain by a black bear (6 damage)
             ... on level 4 of the Dungeon.
             The game lasted 00:59:45 (4217 turns).

Error4North the Gusty (Draconian Air Elementalist)  Turns: 4217, Time: 00:59:47

Health: -5/50      AC:  9    Str: 10    XL:     6   Next: 66%
Magic:  6/11       EV: 12    Int: 16    God:
Gold:   137        SH:  0    Dex: 13    Spells: 2/12 levels left

rFire   . . .        o - staff of cold
rCold   + . .        (no shield)
rNeg    . . .        (body armour unavailable)
rPois   .            (helmet restricted)
rElec   .            k - +0 cloak
rCorr   .            d - +0 pair of gloves
SInv    .            n - +0 pair of boots
Will    .....        j - amulet of magic regeneration
Stlth   ++           (no ring)
HPRegen 0.28/turn    (no ring)
MPRegen 0.52/turn

%: no passive effects
@: sluggish, very slow
A: AC +6, unfitting armour, cold-blooded
a: no special abilities


You were on level 4 of the Dungeon.
You visited 1 branch of the dungeon, and saw 6 of its levels.

You collected 137 gold pieces.

Inventory:

Armour
 d - a +0 pair of gloves (worn)
 k - a +0 cloak (worn)
 n - a +0 pair of boots (worn)
Magical Staves
 o - a staff of cold (weapon)
Jewellery
 j - an amulet of magic regeneration (around neck)
 r - a ring of magical power
 s - a ring of resist corrosion
 t - an amulet of regeneration
Scrolls
 b - a scroll of amnesia
 c - 5 scrolls of identify
 e - a scroll of revelation {unknown}
 f - 2 scrolls of enchant weapon {unknown}
 m - a scroll of teleportation {unknown}
 p - a scroll of enchant armour {unknown}
 q - a scroll of noise {unknown}
Potions
 a - a potion of magic
 g - a potion of haste {unknown}
 h - a potion of might {unknown}
 i - a potion of curing
 l - a potion of resistance


   Skills:
 + Level 2.4 Fighting
 + Level 1.1 Staves
 + Level 2.7 Dodging
 + Level 2.5 Stealth
 + Level 2.4 Unarmed Combat
 * Level 3.6 Spellcasting
 + Level 1.7 Conjurations
 * Level 0.9 Ice Magic
 + Level 3.6 Air Magic
 * Level 1.0 Evocations


You had 2 spell levels left.
You knew the following spells:

 Your Spells              Type           Power      Damage    Failure   Level
a - Shock                 Conj/Air       44%        1d5       6%          1
b - Static Discharge      Conj/Air       22%        2-3/arc   9%          2
c - Swiftness             Air            14%        N/A       12%         3
d - Airstrike             Air            7%         2d(1-17)  36%         4

Your spell library contained the following spells:

 Spells                   Type           Power      Damage    Failure   Level
 Frozen Ramparts          Ice            16%        1d3       36%         3
 Petrify                  Tmut/Erth      2%         N/A       87%         4
 Metabolic Englaciation   Hex/Ice        3%         N/A       99%         5


Dungeon Overview and Level Annotations

Branches:
Dungeon (6/15)
 Temple: D:4-7

Altars:
Nemelex Xobeh
Qazlal
Xom
Zin

Shops:
D:5 (

Annotations:
D:3 Robin
D:5 Edmund
D:6 Menkaure


Innate Abilities, Weirdness & Mutations

Your plain brown scales are hard. (AC +6)
You cannot fit into any form of body armour.
You are cold-blooded and may be slowed by cold attacks.


Message History

Confirm with . or Enter, or press ? or * to list all spells.
Aiming: Shock (safe; 6% risk of failure)
Press: ? - help, Shift-Dir - straight line, f/p - black bear
Aim: a black bear (severely wounded, berserk, 77% to hit)
The zap hits the black bear.
The black bear is severely wounded.
The black bear closely misses you.
The black bear claws you but does no damage.
The black bear claws you.
* * * LOW HITPOINT WARNING * * *
The black bear barely misses you.
The black bear claws you but does no damage. x2
Casting: Shock (safe; 6% risk of failure)
Confirm with . or Enter, or press ? or * to list all spells.
Aiming: Shock (safe; 6% risk of failure)
Press: ? - help, Shift-Dir - straight line, f/p - black bear
Aim: a black bear (severely wounded, berserk, 77% to hit)
The zap hits the black bear.
The black bear is almost dead.
The black bear bites you but does no damage.
The black bear claws you but does no damage.
The black bear claws you.
* * * LOW HITPOINT WARNING * * *
Your magical contamination has completely faded away.
Casting: Shock (safe; 6% risk of failure)
Confirm with . or Enter, or press ? or * to list all spells.
Aiming: Shock (safe; 6% risk of failure)
Press: ? - help, Shift-Dir - straight line, f/p - black bear
Aim: a black bear (almost dead, berserk, 77% to hit)
The zap hits the black bear.
The black bear is almost dead.
You start to feel a little faster.
The black bear barely misses you.
The black bear claws you but does no damage.
The black bear claws you.
* * * LOW HITPOINT WARNING * * *
The black bear barely misses you.
The black bear claws you but does no damage.
The black bear claws you.
You die...

#..........# #......>...#
#.....[...[# #.....)....####
#.............## #..........##..#
####### #..........###.##
#..##.## #..........###.h##
#..##[.####
#...............@######..###.....
.........###..)................##
.........# #......####.#######.##
.........# ###.#...#...# #...
.........# #...#..(#.# ####
.........######..##....# #######
.......................## #......
.........######..##..#..###<#####
...........#####.##......##.#####


You could see a black bear (berserk).

Vanquished Creatures
  Eustachio (D:5)
  An orc priest (D:3)
  An iguana (D:4)
  3 orc wizards
  5 adders
  A worm (D:3)
  2 dart slugs
  10 orcs
  6 ball pythons
  4 bats
  8 endoplasms
  5 giant cockroaches
  9 hobgoblins
  4 jackals (D:2)
  4 quokkas
  5 frilled lizards
  9 goblins
  11 kobolds
  5 rats
94 creatures vanquished.

Vanquished Creatures (others)
  An orc wizard (D:5)
1 creature vanquished.

Grand Total: 95 creatures vanquished

Notes
Turn   | Place    | Note
-------+----------+-------------------------------------------
     0 | D:1      | Error4North the Draconian Air Elementalist began the quest
                  | for the Orb.
     0 | D:1      | Reached XP level 1. HP: 14/14 MP: 3/3
   215 | D:1      | Reached XP level 2. HP: 20/20 MP: 5/5
   543 | D:1      | Learned a level 2 spell: Static Discharge
   767 | D:1      | Reached XP level 3. HP: 27/27 MP: 3/6
   768 | D:1      | Reached skill level 1 in Unarmed Combat
   801 | D:1      | Reached skill level 1 in Fighting
  1343 | D:2      | Reached XP level 4. HP: 29/35 MP: 5/8
  1378 | D:2      | Learned a level 3 spell: Swiftness
  1825 | D:3      | Reached XP level 5. HP: 14/41 MP: 6/9
  1886 | D:2      | Learned a level 4 spell: Airstrike
  2010 | D:3      | Noticed Robin
  2069 | D:3      | Found a stormy altar of Qazlal.
  2069 | D:3      | Noticed a sky beast
  2241 | D:3      | Found a sparkling altar of Nemelex Xobeh.
  2283 | D:3      | Found a glowing silver altar of Zin.
  2727 | D:3      | Found a shimmering altar of Xom.
  2971 | D:3      | Upgraded the game from 0.31-a0-881-ge136f0c47a to
                  | 0.31-a0-889-g1a8549509d
  3524 | D:5      | Entered Level 5 of the Dungeon
  3524 | D:5      | Noticed Edmund
  3524 | D:5      | Found Qiapiuca's Antique Weapon Emporium.
  3611 | D:5      | Noticed a black bear
  3704 | D:5      | Noticed an ogre
  3783 | D:5      | Noticed Eustachio
  3811 | D:6      | Noticed Menkaure
  3873 | D:5      | Killed Eustachio
  3874 | D:5      | Reached skill level 1 in Staves
  3874 | D:5      | Reached XP level 6. HP: 29/50 MP: 7/11
  4146 | D:5      | Reached skill level 1 in Evocations
  4217 | D:4      | HP: 1/50 [black bear (6)]
  4217 | D:4      | Slain by a black bear

Illustrated notes

Levels and vault maps discovered:
D:1:      kennysheep_arrival_forest, layout_rooms, minmay_hexomino_f4
D:2:      layout_loops_cross, corner_web_ring
D:3:      layout_loops_ring, mainiacjoe_overflow_swirl,
          mainiacjoe_overflow_cross_hatched, nicolae_qazlal_beasts_of_the_sky,
          serial_rivers, chequers_serial_rivers_room_a,
          chequers_serial_rivers_small_a, chequers_serial_rivers_micro_d,
          chequers_serial_rivers_room_b, chequers_serial_rivers_small_b,
          chequers_serial_rivers_micro_d, grunt_decor_cap, uniq_robin
D:4:      layout_rooms
D:5:      layout_gridville, serial_shops, nicolae_shop_hallway_stairs,
          nicolae_shop_sticking_my_neck_out, uniq_blork_the_orc, uniq_edmund,
          uniq_pikel, uniq_eustachio
D:6:      layout_basic, hangedman_decor_slide_cut, kennysheep_crisscross,
          minmay_door_square, moated_statue, uniq_menkaure, uniq_grinder

Skill      XL: |  1  2  3  4  5  6 |
---------------+-------------------+-----
Stealth        | 2 |  2.5
Unarmed Combat | 1 2 |  2.4
Fighting       | 1 2 |  2.4
Dodging        | 2 |  2.7
Spellcasting   | 3 |  3.6
Staves         | 1 |  1.1
Evocations     | 1 |  1.0
Conjurations   | |  1.7
Ice Magic      | |  0.9
Air Magic      | |  3.6

Action                     |  1- 3 |  4- 6 || total
---------------------------+-------+-------++-------
  Melee: Unarmed           |   218 |   151 ||   369
         Tailslap          |    23 |    32 ||    55
         Punch             |     1 |     3 ||     4
         Staff             |       |    91 ||    91
   Cast: Static Discharge  |     6 |    23 ||    29
         Swiftness         |       |     5 ||     5
         Shock             |       |    17 ||    17
         Airstrike         |       |     2 ||     2
    Use: Potion            |       |     6 ||     6
         Scroll            |       |     2 ||     2
   Stab: Sleeping          |     3 |     7 ||    10
 Armour: Skin              |   108 |   247 ||   355
  Dodge: Dodged            |   151 |   187 ||   338

Table legend: (Time is in decaauts)
 A = Elapsed time spent in this place.
 B = Non-inter-level travel time spent in this place.
 C = Inter-level travel time spent in this place.
 D = Time resting spent in this place.
 E = Time spent auto-exploring this place.
 F = Levels seen in this place.
 G = Mean time per level.
                   A        B        C        D        E       F      G
               +--------+--------+--------+--------+--------+-----+--------+
         Total |   4245 |   4117 |    128 |    178 |    312 |   6 |  707.5 |
       Dungeon |   4245 |   4117 |    128 |    178 |    312 |   6 |  707.5 |
               +--------+--------+--------+--------+--------+-----+--------+

Top non-repeatable levels by time:
     D:3: 1090 daAuts
     D:1: 984 daAuts
     D:2: 912 daAuts
     D:4: 803 daAuts
     D:5: 418 daAuts
     D:6: 35 daAuts
